 Dungeon Crawl Stone Soup version 0.32-a0-314-g526f7d4993 (webtiles) character file.

Game seed: 16841257524405051191

18289 1ns4n1ty the Basher (level 12, -7/106 HPs)
             Began as a Mountain Dwarf Fighter on Feb 15, 2024.
             Was a High Priest of the Shining One.
             Mangled by Rupert
             ... wielding a +1 great mace of protection
              (22 damage)
             ... on level 14 of the Dungeon.
             The game lasted 01:54:33 (12816 turns).

1ns4n1ty the Basher (Mountain Dwarf Fighter)       Turns: 12816, Time: 01:54:35

Health: -7/106     AC: 19    Str: 29    XL:     12   Next: 26%
Magic:  12/12      EV:  9    Int: 10    God:    the Shining One [*****.]
Gold:   499        SH:  5    Dex: 15    Spells: 11/11 levels left

rFire   . . .        X - +10 dire flail of Classification {venom, Stlth+}
rCold   . . .        (shield currently unavailable)
rNeg    + + .        o - +0 plate armour
rPois   .            A - +0 helmet
rElec   .            (no cloak)
rCorr   .            (no gloves)
SInv    .            V - +2 pair of boots
Will    +....        J - amulet of reflection Stlth
                     I - +6 ring of dexterity
HPRegen 0.37/turn    i - +6 ring of strength
MPRegen 0.13/turn

%: reflection
@: glowing
A: runic magic, artefact enchanting
a: Renounce Religion, Divine Shield, Cleansing Flame, Summon Divine Warrior


You were on level 14 of the Dungeon.
You worshipped the Shining One.
The Shining One was extremely pleased with you.
You visited 2 branches of the dungeon, and saw 15 of its levels.
You also visited: Ossuary.

You collected 723 gold pieces.
You spent 224 gold pieces at shops.

Inventory:

Hand Weapons
 b - a +2 great sword of freezing
 j - a +0 heavy dire flail
 l - a +5 flail
 L - the +3 short sword "Eviscerator" {flame, Will+ Str+3}
   (You found it on level 11 of the Dungeon)

   Str+3:     It affects your strength (+3).
   Will+:     It increases your willpower.
 Q - a +2 great sword of electrocution
 T - a +1 heavy long sword
 X - the +10 dire flail of Classification (weapon) {venom, Stlth+}
   (You took it off an ogre on level 7 of the Dungeon)

   Stlth+:    It makes you more stealthy.
Missiles
 u - 8 poisoned darts (quivered)
 x - 127 stones
 M - 6 throwing nets
 R - 7 boomerangs
Armour
 c - a +0 buckler
 e - the +5 ring mail of Filoom {rElec rPois rF- SInv}
   (You took it off a gnoll bouda on level 9 of the Dungeon)

   rF-:       It makes you vulnerable to fire.
   rElec:     It insulates you from electricity.
   rPois:     It protects you from poison SInv: It lets you see invisible.
 o - a +0 plate armour (worn)
 t - a +2 ring mail of poison resistance
 A - a +0 helmet (worn)
 U - +1 swamp dragon scales
 V - a +2 pair of boots (worn)
Magical Staves
 v - the staff of the Head {rC++ rN+ Str+3 Int-3 Earth}
   (You found it on level 4 of the Dungeon)

   [staff of earth]

   Base accuracy: +5 Base damage: 5 Base attack delay: 1.2 This weapon's minimum
   attack delay (0.6) is reached at skill level 12.
   Str+3:     It affects your strength (+3).
   Int-3:     It affects your intelligence (-3).
   rC++:      It greatly protects you from cold.
   rN+:       It protects you from negative energy.
   Earth:     It increases the power of your Earth spells.
   It falls into the 'Staves' category.
   It is a one-handed weapon.
Jewellery
 a - a +6 ring of strength
 i - a +6 ring of strength (right hand)
 E - a ring of willpower
 G - a +6 ring of strength
 H - a ring of ice
 I - a +6 ring of dexterity (left hand)
 J - an amulet of reflection (around neck)
Talismans
 m - a flux talisman
Wands
 y - a wand of charming (8)
 N - a wand of acid (4)
 S - a wand of polymorph (5)
 W - a wand of mindburst (8)
 Y - a wand of iceblast (9)
Scrolls
 g - 4 scrolls of teleportation
 k - 2 scrolls of enchant weapon
 n - 2 scrolls of vulnerability
 p - 2 scrolls of blinking
 r - a scroll of brand weapon
 w - a scroll of silence
 B - 4 scrolls of fog
 C - a scroll of immolation
 D - 2 scrolls of noise
 K - a scroll of revelation
 O - 2 scrolls of poison
Potions
 d - 2 potions of might
 f - 2 potions of lignification
 h - 4 potions of berserk rage
 q - 2 potions of enlightenment
 s - 2 potions of brilliance
 z - 2 potions of cancellation
 F - 2 potions of curing
 P - 2 potions of attraction {unknown}
 Z - 2 potions of invisibility


   Skills:
 + Level 10.2 Fighting
 + Level 9.7(13.1) Axes
 + Level 12.0(13.3) Maces & Flails
 + Level 6.4(8.3) Polearms
 + Level 10.7 Armour
 + Level 2.8 Dodging
 + Level 1.0 Stealth
 + Level 7.1 Shields


You had 11 spell levels left.
You didn't know any spells.
Your spell library contained the following spells:

 Spells                   Type           Power      Damage    Failure   Level
 Apportation              Tloc           0%         N/A       52%         1
 Freeze                   Ice            0%         1d3       52%         1
 Magic Dart               Conj           0%         1d3       52%         1
 Necrotise                Necr           0%         1d4       52%         1
 Slow                     Hex            0%         N/A       52%         1
 Sting                    Conj/Alch      0%         1d3       52%         1
 Summon Small Mammal      Summ           0%         N/A       52%         1
 Blink                    Tloc           0%         N/A       67%         2
 Call Imp                 Summ           0%         N/A       67%         2
 Ensorcelled Hibernation  Hex/Ice        0%         N/A       67%         2
 Mercury Vapours          Alch/Air       0%         N/A       67%         2
 Confusing Touch          Hex            0%         N/A       88%         3
 Frozen Ramparts          Ice            0%         1d1       88%         3
 Hailstorm                Conj/Ice       0%         3d5       88%         3
 Inner Flame              Hex/Fire       0%         N/A       88%         3
 Mephitic Cloud           Conj/Alch/Air  0%         N/A       88%         3
 Passwall                 Erth           0%         N/A       88%         3
 Sigil of Binding         Hex            0%         N/A       88%         3
 Swiftness                Air            0%         N/A       88%         3
 Vampiric Draining        Necr           0%         2d6       88%         3
 Animate Armour           Summ/Erth      0%         N/A       99%         4
 Cause Fear               Hex            0%         N/A       99%         4
 Summon Lightning Spire   Summ/Air       0%         N/A       99%         4
 Fireball                 Conj/Fire      0%         3d3       100%        5
 Freezing Cloud           Conj/Ice/Air   0%         6-21      100%        5
 Irradiate                Conj/Alch      0%         3d11      100%        5
 Lee's Rapid Deconstruct  Erth           0%         3d4*      100%        5
 Ignition                 Fire           0%         3d3       100%        8
 Dragon's Call            Summ           0%         N/A       100%        9


Dungeon Overview and Level Annotations

Branches:
Dungeon (15/15)            Temple (1/1) D:5            Lair (0/5) D:9
Ossuary (visited)
    Orc: D:9-12      Vaults: D:13-14     Depths: D:15

Altars:
Ashenzari
Cheibriados
Dithmenos
Elyvilon
Fedhas
Gozag
Hepliaklqana
Kikubaaqudgha
Makhleb
Nemelex Xobeh
Okawaru
Qazlal
Ru
Sif Muna
Trog
Uskayaw
Vehumet
Wu Jian
Xom
Yredelemnul
Zin
The Shining One

Shops:
D:4 (   D:6 :   D:10 :

Portals:
Trove: D:10 (give +3 storm dragon scales)

Annotations:
D:11 Lodul
D:14 Rupert


Innate Abilities, Weirdness & Mutations

Your spellcasting is much less encumbered by armour.
You can use scrolls of enchantment on lesser artefacts.


Message History

The centaur warrior is heavily wounded.
Rupert hits you with a +1 great mace of protection!!
The centaur warrior hits you but does no damage.
The centaur warrior kicks you but does no damage.
You bludgeon the centaur warrior!!
The centaur warrior is poisoned.
The centaur warrior is almost dead.
The laughing skull closely misses you.
Rupert hits you with a +1 great mace of protection.
The tengu warrior hits you from afar with a +0 glaive!
* * * LOW HITPOINT WARNING * * *
You block the centaur warrior's attack.
The centaur warrior kicks you but does no damage.
A red ugly thing comes into view.
The red ugly thing gurgles horribly!
You hit the wraith.
The wraith is lightly damaged.
The laughing skull headbutts you!
* * * LOW HITPOINT WARNING * * *
Rupert hits you with a +1 great mace of protection!!
The Shining One protects you from harm!
The centaur warrior hits you but does no damage.
The centaur warrior misses you. The wraith hits you but does no damage.
The tengu warrior hits you from afar with a +0 glaive.
* * * LOW HITPOINT WARNING * * *
You sock the wraith!
The wraith is moderately damaged.
The laughing skull closely misses you.
The laughing skull headbutts you but does no damage.
Rupert hits you with a +1 great mace of protection!!
The Shining One protects you from harm! You block the centaur warrior's attack.
The centaur warrior kicks you but does no damage.
A red ugly thing comes into view.
The laughing skull misses you. The laughing skull headbutts you.
* * * LOW HITPOINT WARNING * * *
Rupert rages.
Rupert attacks as he pursues you!
Rupert hits you with a +1 great mace of protection!!
You die...
Rupert roars with triumph.

...u...........
#...............
#...u...........
#...............
#...............
#....uu.........
#...............
+......z@.......
#......z@c......
#......lW.......
#........Q......
#...............
#...............
#...............
#...............
#...............


You could see Rupert (berserk), 4 ugly things, a tengu warrior, a centaur
warrior (very poisoned), a komodo dragon, a wraith and 2 laughing skulls.

Vanquished Creatures
  Fannar (D:10)
  Harold (D:9)
  2 two-headed ogres
  The ghost of bmj180 the Conjurer, a novice HuCj of Sif Muna (D:7)
  Pikel (D:9)
  Maurice (D:10)
  A manticore (D:12)
  Maggie (D:7)
  A gargoyle (D:11)
  2 unseen horrors
  A kobold demonologist (D:9)
  A tengu conjurer (D:14)
  A komodo dragon (D:11)
  A troll (D:11)
  3 hornets
  2 shadows
  2 slime creatures (D:8)
  A vampire (D:11)
  7 wyverns
  12 yaks
  2 steam dragons
  A wraith (D:10)
  A basilisk (shapeshifter) (D:11)
  A basilisk (D:9)
  7 vampire mosquitoes
  Menkaure (D:7)
  3 acid dragons
  Duvessa (D:4)
  2 orc warriors
  3 water moccasins (D:9)
  4 sky beasts
  2 black bears
  5 ice beasts
  2 wolves (D:6)
  7 ogres
  A lemure (D:9)
  2 phantoms
  4 centaurs
  A kobold brigand (D:9)
  3 bullfrogs
  4 gnoll sergeants
  5 scorpions
  13 wights
  Dowan (D:4)
  4 killer bees
  A howler monkey (D:10)
  3 bombardier beetles
  3 orc priests
  6 hounds
  An iron imp (D:9)
  3 gnoll boudas
  2 iguanas
  6 orc wizards
  23 gnolls
  6 adders
  2 shadow imps
  4 white imps
  A dart slug (D:2)
  32 orcs
  7 bats
  12 endoplasms
  3 giant cockroaches
  6 goblins
  5 hobgoblins
  A jackal (D:6)
  3 kobolds
  3 quokkas
  13 ball pythons
  2 frilled lizards (D:2)
  4 rats
275 creatures vanquished.

Notes
Turn   | Place    | Note
-------+----------+-------------------------------------------
     0 | D:1      | 1ns4n1ty the Mountain Dwarf Fighter began the quest for the
                  | Orb.
     0 | D:1      | Reached XP level 1. HP: 19/19 MP: 1/1
   114 | D:1      | Reached XP level 2. HP: 26/26 MP: 2/2
   514 | D:1      | Reached XP level 3. HP: 18/33 MP: 3/3
   772 | D:1      | Reached skill level 3 in Maces & Flails
  1343 | D:2      | Reached XP level 4. HP: 33/40 MP: 4/4
  1503 | D:2      | Found a faded altar of an unknown god.
  1818 | D:2      | Prayed at the altar of an unknown god.
  1818 | D:2      | Became a worshipper of the Shining One
  1818 | D:2      | Reached * piety under the Shining One
  2079 | D:3      | Found a white marble altar of Elyvilon.
  2097 | D:3      | Reached skill level 4 in Maces & Flails
  2141 | D:3      | Noticed a scorpion
  2146 | D:3      | Killed a scorpion
  2147 | D:3      | Reached XP level 5. HP: 30/46 MP: 5/5
  2360 | D:3      | Found a sacrificial altar of Ru.
  2368 | D:3      | Found an ornate altar of the Wu Jian Council.
  2369 | D:3      | Found an iron altar of Okawaru.
  2369 | D:3      | Found a sparkling altar of Nemelex Xobeh.
  2369 | D:3      | Found an opulent altar of Gozag.
  2372 | D:3      | Found a stormy altar of Qazlal.
  2373 | D:3      | Found a basalt altar of Yredelemnul.
  2748 | D:4      | Identified the staff of the Head {rC++ rN+ Str+3 Int-3
                  | Earth}
  2808 | D:4      | Found an ancient bone altar of Kikubaaqudgha.
  2855 | D:4      | Found Faothuagg's Antique Weapon Shoppe.
  2895 | D:4      | Reached skill level 5 in Maces & Flails
  2895 | D:4      | Reached skill level 1 in Polearms
  2895 | D:4      | Reached XP level 6. HP: 50/53 MP: 6/6
  2908 | D:4      | Noticed an ice beast
  2920 | D:4      | Killed an ice beast
  2921 | D:4      | Reached skill level 1 in Dodging
  3525 | D:4      | Noticed Duvessa
  3525 | D:4      | Noticed Dowan
  3533 | D:4      | Killed Duvessa
  3534 | D:4      | Reached skill level 5 in Armour
  3534 | D:4      | Reached XP level 7. HP: 51/60 MP: 7/7
  3538 | D:4      | Killed Dowan
  3719 | D:5      | Entered Level 5 of the Dungeon
  3732 | D:5      | Found a staircase to the Ecumenical Temple.
  3748 | Temple   | Entered the Ecumenical Temple
  4048 | D:5      | Reached skill level 5 in Fighting
  4575 | D:6      | Reached ** piety under the Shining One
  4632 | D:6      | Reached XP level 8. HP: 43/68 MP: 8/8
  4634 | D:6      | Found Leelont's Book Shoppe.
  4686 | D:6      | Reached skill level 5 in Polearms
  4906 | D:6      | Found a sand-covered staircase.
  4911 | Ossuary  | Entered an ossuary
  5218 | D:6      | Reached skill level 1 in Axes
  5230 | D:6      | Reached XP level 9. HP: 28/75 MP: 9/9
  5414 | D:6      | Bought a book of Minor Magic for 224 gold pieces
  5517 | D:7      | Reached skill level 5 in Axes
  5671 | D:7      | Reached *** piety under the Shining One
  5673 | D:7      | Noticed Maggie
  5686 | D:7      | Reached skill level 5 in Shields
  5692 | D:7      | Killed Maggie
  6195 | D:7      | Noticed Menkaure
  6202 | D:7      | Killed Menkaure
  6410 | D:7      | Found a transporter.
  6419 | D:7      | Found a transporter.
  6419 | D:7      | Noticed bmj180's ghost (novice HuCj)
  6420 | D:7      | Identified the +10 dire flail of Classification {venom,
                  | Stlth+}
  6497 | D:7      | Reached XP level 10. HP: 70/86 MP: 10/10
  6503 | D:7      | Killed bmj180's ghost
  6885 | D:8      | Found a snail-covered altar of Cheibriados.
  6885 | D:8      | Found a hide-covered altar of Uskayaw.
  7350 | D:8      | Found a shimmering altar of Xom.
  7564 | D:8      | Reached skill level 6 in Maces & Flails
  7797 | D:8      | Found a shimmering blue altar of Sif Muna.
  7965 | D:9      | Noticed Pikel
  7982 | D:9      | Killed Pikel
  8144 | D:9      | Reached skill level 7 in Maces & Flails
  8148 | D:9      | Found a staircase to the Lair.
  8506 | D:9      | Noticed Harold
  8514 | D:9      | Killed Harold
  8515 | D:9      | Reached skill level 8 in Maces & Flails
  8515 | D:9      | Reached XP level 11. HP: 43/97 MP: 11/11
  9042 | D:9      | Identified the +5 ring mail of Filoom {rElec rPois rF-
                  | SInv}
  9043 | D:9      | Found a burning altar of Makhleb.
  9083 | D:9      | Reached **** piety under the Shining One
  9651 | D:9      | Reached skill level 9 in Maces & Flails
  9651 | D:9      | Reached skill level 1 in Stealth
  9824 | D:10     | Entered Level 10 of the Dungeon
  9902 | D:10     | Found a portal to a secret trove of treasure.
  9910 | D:10     | Paralysed by a hornet for 2 turns
  9915 | D:10     | Paralysed by a hornet for 2 turns
 10312 | D:10     | Reached ***** piety under the Shining One
 10500 | D:10     | Noticed Maurice
 10514 | D:10     | Killed Maurice
 10515 | D:10     | Reached skill level 10 in Maces & Flails
 10611 | D:10     | Noticed a two-headed ogre
 10618 | D:10     | Killed a two-headed ogre
 10762 | D:10     | Noticed Fannar
 10778 | D:10     | Killed Fannar
 10799 | D:10     | Found Xywip's Tremendous Tomes.
 11074 | D:11     | Identified the +3 short sword "Eviscerator" {flame, Will+
                  | Str+3}
 11127 | D:11     | Reached skill level 10 in Armour
 11362 | D:11     | Reached skill level 11 in Maces & Flails
 11491 | D:11     | Reached XP level 12. HP: 106/106 MP: 12/12
 11517 | D:11     | Reached skill level 10 in Fighting
 11572 | D:11     | Noticed Lodul
 12672 | D:12     | Noticed a two-headed ogre
 12676 | D:12     | Killed a two-headed ogre
 12800 | D:12     | You fall into a shaft and drop 3 floors!
 12800 | D:15     | Entered Level 15 of the Dungeon
 12805 | D:14     | Noticed Rupert
 12805 | D:14     | Noticed a centaur warrior
 12805 | D:14     | Noticed a tengu warrior
 12811 | D:14     | Reached skill level 12 in Maces & Flails
 12814 | D:14     | The Shining One protects you from harm!
 12815 | D:14     | The Shining One protects you from harm!
 12816 | D:14     | Mangled by Rupert

Illustrated notes

Levels and vault maps discovered:
D:1:      evilmike_arrival_rings, layout_loops_ring, reono_crystal_passage
D:2:      layout_loops_ring, dreamdust_ecumenical_altar_hidden_monk_grotto,
          minmay_puff
D:3:      layout_basic, overflow_temple_1_default, minitemple
D:4:      layout_basic, mainiacjoe_overflow_chevrons, nicolae_take_the_stairs,
          serial_library_hellmonk_big_corner, grunt_decor_cap, uniq_duvessa
D:5:      layout_loops_ring, minmay_temple_entry_arrows
D:6:      layout_cave_pools, enter_ossuary_2, serial_gnoll_camp,
          gnoll_camp_mini_sergeant, gnoll_camp_mini_shop, grums_kennel,
          gnoll_camp_medium_02
D:7:      layout_cave_pools, gammafunk_ghost_smash, wad_floor_pattern_1,
          nicolae_houndstooth_variations, uniq_maggie, uniq_menkaure
D:8:      layout_cave_pods, mainiacjoe_overflow_divided_tiny,
          nicolae_sif_muna_condensation, regret_index_xom_buried_treasure
D:9:      minmay_octagon_keep, layout_stronghold, demons_altar,
          minmay_lair_entry_grove, uniq_harold, uniq_pikel
D:10:     layout_rooms, enter_trove_0, serial_bayou, serial_bayou_pond_b,
          serial_bayou_pond_d, serial_bayou_pond_b, serial_bayou_pond_a,
          enter_bailey_7, nicolae_shop_i_like_big_books, uniq_maurice,
          uniq_fannar
D:11:     layout_roguey, uniq_lodul
D:12:     layout_roguey, david_orc_3, vehumet_statue
D:14:     layout_grid_maze, hangedman_decor_points, minmay_fire_ice_demons,
          uniq_nessos, uniq_rupert, uniq_roxanne
D:15:     hangedman_depths_entry_try_elsewhere_first, layout_long_grid,
          chequers_serial_rivers_large_b, gammafunk_ghost_spectres,
          argonaut_gorgonesque
Temple:   nicolae_temple_two_arcs

Skill      XL: |  1  2  3  4  5  6  7  8  9 10 11 12 |
---------------+-------------------------------------+-----
Maces & Flails | 3 4 5 8 11 12 | 12.0
Armour         | 4 5 6 7 8 10 | 10.7
Fighting       | 4 5 6 7 9 10 | 10.2
Polearms       | 1 2 4 6 |  6.4
Dodging        | 1 2 |  2.8
Shields        | 4 5 7 |  7.1
Axes           | 2 8 9 |  9.7
Stealth        | 1 |  1.0

Action                     |  1- 3 |  4- 6 |  7- 9 | 10-12 || total
---------------------------+-------+-------+-------+-------++-------
  Melee: Flail             |   101 |   134 |       |       ||   235
         Trident           |       |    49 |   105 |       ||   154
         War axe           |       |       |   127 |     7 ||   134
         Dire flail        |       |       |       |   361 ||   361
  Evoke: Wand              |       |       |       |     1 ||     1
    Use: Scroll            |       |       |    14 |     7 ||    21
         Potion            |       |       |       |     8 ||     8
 Armour: Scale mail        |    69 |       |       |       ||    69
         Ring mail         |    25 |    95 |   168 |       ||   288
         Swamp dragon scal |       |       |    16 |    10 ||    26
         Skin              |       |       |     5 |       ||     5
         Plate armour      |       |       |       |   328 ||   328
  Dodge: Dodged            |    50 |    68 |   142 |   179 ||   439
  Block: Buckler           |    22 |    28 |    81 |     5 ||   136
         Other             |       |       |       |    72 ||    72
         Reflection        |       |       |       |     5 ||     5

Table legend: (Time is in decaauts)
 A = Elapsed time spent in this place.
 B = Non-inter-level travel time spent in this place.
 C = Inter-level travel time spent in this place.
 D = Time resting spent in this place.
 E = Time spent auto-exploring this place.
 F = Levels seen in this place.
 G = Mean time per level.
                   A        B        C        D        E       F      G
               +--------+--------+--------+--------+--------+-----+--------+
         Total |  12837 |   4294 |   8543 |   2004 |      0 |  16 |  802.3 |
       Dungeon |  12760 |   4283 |   8477 |   2004 |      0 |  14 |  911.4 |
        Temple |     71 |      5 |     66 |      0 |      0 |   1 |   71.0 |
       Ossuary |      5 |      5 |      0 |      0 |      0 |   1 |    5.0 |
               +--------+--------+--------+--------+--------+-----+--------+

Top non-repeatable levels by time:
     D:9: 2395 daAuts
     D:8: 1350 daAuts
    D:11: 1231 daAuts
     D:4: 1169 daAuts
     D:7: 1049 daAuts
    D:10: 1015 daAuts
     D:2: 956 daAuts
     D:1: 924 daAuts
     D:6: 910 daAuts
     D:5: 818 daAuts
     D:3: 768 daAuts
    D:12: 156 daAuts
  Temple: 71 daAuts
    D:14: 8 daAuts
 Ossuary: 5 daAuts
